 Dungeon Crawl Stone Soup version 0.30-a0-718-geaa24f58ff (webtiles) character file.

Game seed: 65662154755987998

8958 oldmanjim the Thaumaturge (level 11, -1/81 HPs)
             Began as a Djinni Conjurer on Jan 21, 2023.
             Was an Elder of Makhleb.
             Slain by a centaur warrior zombie (9 damage)
             ... on level 10 of the Dungeon on Jan 25, 2023.
             The game lasted 01:25:43 (11774 turns).

oldmanjim the Thaumaturge (Djinni Conjurer)        Turns: 11774, Time: 01:25:43

Health: -1/81      AC:  8    Str:  6    XL:     11   Next: 65%
Gold:   533        EV: 15    Int: 24    God:    Makhleb [****..] SH:  5 Dex: 18

rFire   + + .      SeeInvis .    b - staff of cold
rCold   . . .      Faith    .    (no shield)
rNeg    . . .      Spirit   .    o - +3 leather armour
rPois   ∞          Reflect  +    u - +0 helmet
rElec   .          Harm     .    J - +0 cloak
rCorr   .          Rampage  .    (no gloves)
Will    ++...                    (boots unavailable)
Stlth   ++                       E - amulet of reflection
HPRegen 0.33/turn                w - +6 ring of dexterity
MPRegen 0.00/turn                h - ring of willpower

@: flying, studying Staves
A: sickness immunity, fire resistance 2, cold vulnerability 1, float, innate
caster, HP casting, extra vitality 1
a: Renounce Religion, Minor Destruction, Lesser Servant of Makhleb, Major
Destruction


You were on level 10 of the Dungeon.
You worshipped Makhleb.
Makhleb was greatly pleased with you.
You visited 2 branches of the dungeon, and saw 11 of its levels.
You also visited: Ossuary and Bailey.

You collected 533 gold pieces.

Inventory:

Hand Weapons
 p - a +5 war axe
Missiles
 i - 4 javelins
 j - 3 poisoned darts
 m - 89 stones
 B - 12 throwing nets
 C - 5 boomerangs
 R - 6 silver javelins
Armour
 o - a +3 leather armour (worn)
 u - a +0 helmet (worn)
 J - a +0 cloak (worn)
 S - a +2 robe of cold resistance
Magical Staves
 a - a staff of fire
 b - a staff of cold (weapon)
Jewellery
 h - a ring of willpower (right hand)
 t - a ring of see invisible
 w - a +6 ring of dexterity (left hand)
 D - a +6 ring of strength
 E - an amulet of reflection (around neck)
 H - a ring of positive energy
 P - a +6 ring of intelligence
 T - the ring "Hamul" {Contam rF+ Str+4}
   (You took it off a gnoll bouda in a bailey)

   [ring of protection from fire]

   Str:       It affects your strength (+4).
   rF:        It protects you from fire.
   Contam:    It causes magical contamination when unequipped.
Wands
 g - a wand of roots (4)
 z - a wand of flame (23)
 I - a wand of polymorph (11)
 M - a wand of paralysis (8)
Scrolls
 k - 5 scrolls of fear
 l - 4 scrolls of fog
 n - a scroll of poison
 q - a scroll of butterflies
 s - a scroll of silence
 v - 2 scrolls of torment
 x - 3 scrolls of enchant weapon
 y - a scroll of immolation
 F - a scroll of teleportation
Potions
 c - 2 potions of heal wounds
 d - 2 potions of lignification
 e - 6 potions of curing
 f - 3 potions of ambrosia
 r - a potion of haste
 A - 2 potions of cancellation
 G - 2 potions of might {unknown}
 K - a potion of mutation {unknown}
 L - a potion of berserk rage {unknown}
 N - a potion of resistance {unknown}
 O - 4 potions of attraction {unknown}
 Q - a potion of brilliance {unknown}


   Skills:
 - Level 8.0 Fighting
 - Level 4.0 Armour
 + Level 7.8 Dodging
 - Level 1.5 Stealth
 + Level 8.7 Spellcasting
 - Level 7.0 Invocations
 + Level 4.3 Evocations


You couldn't memorise any spells.
You knew the following spells:

 Your Spells              Type           Power      Damage    Failure   Level
a - Magic Dart            Conj           100%       1d8       1%          1
b - Searing Ray           Conj           100%       2d8       1%          2
c - Dazzling Flash        Conj/Hex       100%       N/A       1%          3
d - Fulminant Prism       Conj/Hex       25%        3d14      2%          4
e - Iskenderun's Mystic   Conj/Tloc      51%        2d11      2%          4
f - Kiss of Death         Conj/Necr      100%       2d13      1%          1
g - Scorch                Fire           100%       2d10      1%          2
h - Lesser Beckoning      Tloc           100%       N/A       1%          2
i - Gell's Gravitas       Tloc           51%        N/A       1%          3
j - Borgnjor's Vile Clut  Necr/Erth      25%        N/A       7%          5
Your spell library was empty.

Dungeon Overview and Level Annotations

Branches:
Dungeon (10/15)            Temple (1/1) D:4         Ossuary (visited)
 Bailey (visited)
   Lair: D:8-11         Orc: D:9-12

Altars:
Ashenzari
Cheibriados
Dithmenos
Elyvilon
Fedhas
Gozag
Hepliaklqana
Makhleb
Nemelex Xobeh
Okawaru
Qazlal
Ru
Trog
Uskayaw
Wu Jian
Xom
Yredelemnul
Zin
The Shining One


Innate Abilities, Weirdness & Mutations

You are immune to sickness and miasma.
You are immune to poison.
Your flesh is very heat resistant. (rF++)
You are vulnerable to cold. (rC-)
You float through the air rather than walking.
You learn spells naturally, not from books.
Your magical power is your life essence.
You have superior vitality. (+4 MHP)


Message History

* * * LOW HITPOINT WARNING * * *
Casting: Iskenderun's Mystic Blast (dangerous; 2% risk of failure)
Confirm with . or Enter, or press ? or * to list all spells.
You erupt in a blast of force!
The mystic blast hits the wight!
You destroy the wight!
Makhleb accepts your kill.
You feel better.
The mystic blast hits the centaur warrior zombie.
The centaur warrior zombie is almost destroyed.
The mystic blast hits the wight.
You destroy the wight!
Makhleb accepts your kill.
* * * LOW HITPOINT WARNING * * *
You block the centaur warrior zombie's attack.
The centaur warrior zombie kicks you.
* * * LOW HITPOINT WARNING * * *
You block the centaur warrior zombie's attack.
The centaur warrior zombie kicks you but does no damage.
The centaur warrior zombie closely misses you. x2
Casting: Iskenderun's Mystic Blast (dangerous; 2% risk of failure)
Confirm with . or Enter, or press ? or * to list all spells.
You erupt in a blast of force!
The mystic blast hits the centaur warrior zombie!
You destroy the centaur warrior zombie!
Makhleb accepts your kill.
* * * LOW HITPOINT WARNING * * *
A centaur warrior zombie comes into view.
You hit the centaur warrior zombie but do no damage.
The centaur warrior zombie barely misses you.
You block the centaur warrior zombie's attack.
The centaur warrior zombie closely misses you.
The centaur warrior zombie kicks you but does no damage.
A two-headed ogre comes into view. It is wielding two +0 giant clubs.
The centaur warrior zombie attacks as you move away!
The centaur warrior zombie hits you!
* * * LOW HITPOINT WARNING * * *
The centaur warrior zombie kicks you but does no damage.
Items here: )) [[.
The centaur warrior zombie hits you!
You die...

.#...#
.....#
.....#
.{...#
.....# .....
#.#######?.#
#...@ZO.<.#
###########


You could see a two-headed ogre and a centaur warrior zombie.

Vanquished Creatures
  A two-headed ogre (D:8)
  3 centaur zombies (D:10)
  A troll (D:9)
  A hornet (D:8)
  A vampire (D:10)
  Eustachio (D:6)
  Grum (Bailey)
  A steam dragon (D:6)
  Menkaure (D:7)
  2 acid dragons
  3 water moccasins
  Duvessa (D:7)
  3 ice beasts
  A sky beast (D:6)
  3 orc warriors
  3 ogres
  3 centaurs
  7 wolves (Bailey)
  2 phantoms
  An elf zombie (D:5)
  6 bullfrogs
  2 elf skeletons (D:5)
  3 necrophages
  2 scorpions (D:6)
  9 gnoll sergeants
  Dowan (D:7)
  13 wights
  10 howler monkeys
  6 hounds
  2 human zombies (D:5)
  4 orc priests
  A human skeleton (D:5)
  6 gnoll boudas (Bailey)
  4 iguanas (D:4)
  7 orc wizards
  A howler monkey zombie (D:10)
  22 gnolls
  6 adders
  2 white imps
  3 ufetubi
  2 adder zombies (Ossuary)
  A worm (D:4)
  6 dart slugs
  25 orcs
  5 ball pythons
  5 endoplasms
  5 giant cockroaches
  3 hobgoblins
  3 jackals (D:3)
  3 kobolds
  3 bats
  2 frilled lizards (D:2)
  7 goblins
  A hobgoblin skeleton (Ossuary)
  3 hobgoblin zombies (Ossuary)
  A kobold zombie (Ossuary)
  An orc skeleton (Ossuary)
  An orc zombie (Ossuary)
  3 rats
  A bush (D:3)
231 creatures vanquished.

Vanquished Creatures (others)
  A bush (D:3)
  136 fulminant prisms
  10 plants
147 creatures vanquished.

Grand Total: 378 creatures vanquished

Notes
Turn   | Place    | Note
-------+----------+-------------------------------------------
     0 | D:1      | oldmanjim the Djinni Conjurer began the quest for the Orb.
     0 | D:1      | oldmanjim set off with the following spells memorised:
                  | Magic Dart, Searing Ray, Dazzling Flash, Fulminant Prism,
                  | Iskenderun's Mystic Blast.
     0 | D:1      | Reached XP level 1. HP: 15/15 MP: 0/0
   220 | D:1      | Reached XP level 2. HP: 19/22 MP: 0/0
   288 | D:1      | Reached skill level 1 in Fighting
   588 | D:2      | Reached XP level 3. HP: 19/27 MP: 0/0
   588 | D:2      | Learned a level 1 spell: Kiss of Death
  1750 | D:3      | Reached XP level 4. HP: 27/33 MP: 0/0
  2901 | D:4      | Reached XP level 5. HP: 35/38 MP: 0/0
  2901 | D:4      | Learned a level 2 spell: Scorch
  2951 | D:4      | Found a staircase to the Ecumenical Temple.
  2958 | Temple   | Entered the Ecumenical Temple
  3116 | Temple   | Became a worshipper of Makhleb the Destroyer
  3499 | D:4      | Reached XP level 6. HP: 31/45 MP: 0/0
  3624 | D:4      | Noticed an ogre
  3654 | D:4      | Killed an ogre
  3655 | D:4      | Reached skill level 1 in Armour
  3790 | D:4      | Reached XP level 7. HP: 43/50 MP: 0/0
  3790 | D:4      | Learned a level 2 spell: Lesser Beckoning
  4009 | D:5      | Entered Level 5 of the Dungeon
  4023 | D:5      | Noticed a water moccasin
  4304 | D:5      | Reached XP level 8. HP: 46/58 MP: 0/0
  4313 | D:5      | Reached skill level 5 in Spellcasting
  4359 | D:5      | Reached skill level 5 in Fighting
  4456 | D:5      | Found a sand-covered staircase.
  4529 | Ossuary  | Entered an ossuary
  4736 | Ossuary  | Reached * piety under Makhleb
  5016 | Ossuary  | Noticed a flying skull
  5016 | Ossuary  | Noticed a wraith
  5023 | Ossuary  | Noticed a flying skull
  5025 | Ossuary  | Noticed a flying skull
  5094 | Ossuary  | Noticed a flying skull
  5099 | Ossuary  | Noticed a flying skull
  5186 | Ossuary  | Noticed a wraith
  5520 | D:5      | Reached skill level 1 in Invocations
  5855 | D:5      | Reached XP level 9. HP: 65/65 MP: 0/0
  5855 | D:5      | Learned a level 3 spell: Gell's Gravitas
  5890 | D:5      | Upgraded the game from 0.30-a0-702-gdf48620a09 to
                  | 0.30-a0-711-gf4ac18a38d
  6273 | D:6      | Noticed Eustachio
  6295 | D:6      | Killed Eustachio
  6663 | D:6      | Upgraded the game from 0.30-a0-711-gf4ac18a38d to
                  | 0.30-a0-715-gdb4ae3ece1
  7111 | D:6      | Reached skill level 5 in Invocations
  7365 | D:7      | Found a shimmering altar of Xom.
  7365 | D:7      | Found a shimmering altar of Xom.
  7367 | D:7      | Found a shimmering altar of Xom.
  7370 | D:7      | Found a shimmering altar of Xom.
  7370 | D:7      | Found a shimmering altar of Xom.
  7370 | D:7      | Found a shimmering altar of Xom.
  7370 | D:7      | Found a shimmering altar of Xom.
  7455 | D:7      | Reached XP level 10. HP: 71/72 MP: 0/0
  7459 | D:7      | Noticed a yaktaur
  7469 | D:7      | a yaktaur changed into an entropy weaver
  7469 | D:7      | Noticed an entropy weaver (shapeshifter)
  7494 | D:7      | Noticed Duvessa
  7502 | D:7      | Killed Duvessa
  7502 | D:7      | Noticed Dowan
  7508 | D:7      | Killed Dowan
  7509 | D:7      | Reached skill level 5 in Dodging
  7689 | D:7      | Reached ** piety under Makhleb
  7700 | D:7      | Noticed Menkaure
  7707 | D:7      | Killed Menkaure
  7951 | D:7      | Noticed a guardian serpent
  7954 | D:7      | Noticed a salamander
  7972 | D:7      | Found a white marble altar of Elyvilon.
  8288 | D:7      | Noticed an anaconda
  8524 | D:7      | Noticed a wolf spider
  8525 | D:7      | Noticed a steelbarb worm
  8547 | D:7      | a steelbarb worm changed into a faun
  8547 | D:7      | Noticed a faun (shapeshifter)
  9162 | D:8      | Noticed a two-headed ogre
  9177 | D:8      | Killed a two-headed ogre
  9414 | D:9      | Reached skill level 1 in Evocations
  9446 | D:9      | Found a flagged portal.
  9458 | Bailey   | Entered a bailey
  9469 | Bailey   | Reached XP level 11. HP: 62/79 MP: 0/0
  9469 | Bailey   | Learned a level 5 spell: Borgnjor's Vile Clutch
  9560 | Bailey   | Reached *** piety under Makhleb
  9743 | Bailey   | Identified the ring "Hamul" {Contam rF+ Str+4}
  9987 | Bailey   | Noticed Grum
  9995 | Bailey   | Killed Grum
 10688 | D:9      | Upgraded the game from 0.30-a0-715-gdb4ae3ece1 to
                  | 0.30-a0-718-geaa24f58ff
 11378 | D:9      | Reached **** piety under Makhleb
 11741 | D:10     | Entered Level 10 of the Dungeon
 11771 | D:10     | Noticed a two-headed ogre
 11774 | D:10     | Slain by a centaur warrior zombie

Illustrated notes

Levels and vault maps discovered:
D:1:      erik_arrival_triangle_medium, layout_basic
D:2:      layout_loops_corners
D:3:      layout_loops_ring, serial_forest, infiniplex_forest_clump_double,
          infiniplex_forest_clump_large, infiniplex_forest_end_2,
          infiniplex_forest_clump_tiny, infiniplex_forest_straight_4,
          infiniplex_forest_straight_3, infiniplex_forest_lined_2,
          infiniplex_forest_lined_corner, infiniplex_forest_straight_4,
          kennysheep_generic_room_14
D:4:      minmay_general_purpose_star, layout_basic,
          minmay_temple_entry_gardened_gates, corner_web_ring,
          chequers_serial_rivers_room_a, minmay_misc_feat_iff,
          minmay_misc_feat_square, corexii_item_surrounded_by_moat
D:5:      layout_loops_ring, nicolae_ossuary_entry_catacombs,
          corexii_leaking_fountain, grunt_ministairs_9
D:6:      layout_basic, uniq_eustachio
D:7:      layout_basic, mainiacjoe_overflow_chevrons, xom_shifter_show,
          hangedman_decor_peaks_small, uniq_duvessa, uniq_menkaure
D:8:      layout_basic, nicolae_fountain_basement
D:9:      layout_irregular_city, enter_bailey_5
D:10:     layout_loops_ring, serial_shops, nicolae_shop_advertising_works
          [nicolae_subvault_shop_adworks], serial_undead, serial_undead_a,
          serial_undead_a, serial_undead_d, serial_undead_d
Temple:   nicolae_temple_bog_church

Skill      XL: |  1  2  3  4  5  6  7  8  9 10 11 |
---------------+----------------------------------+-----
Fighting       | 1 2 3 4 5 6 7 8 |  8.0
Dodging        | 3 4 6 7 |  7.8
Spellcasting   | 4 6 7 8 |  8.7
Armour         | 1 3 4 |  4.0
Invocations    | 2 5 7 |  7.0
Evocations     | 1 4 |  4.3
Stealth        | |  1.5

Action                     |  1- 3 |  4- 6 |  7- 9 | 10-12 || total
---------------------------+-------+-------+-------+-------++-------
  Melee: Dagger            |       |    40 |       |       ||    40
         Staff             |       |       |   111 |     2 ||   113
         Punch             |       |       |     4 |       ||     4
   Cast: Magic Dart        |    67 |    66 |    37 |    30 ||   200
         Searing Ray       |     3 |    11 |    34 |     9 ||    57
         Fulminant Prism   |       |     2 |    38 |    97 ||   137
         Scorch            |       |       |    18 |       ||    18
         Iskenderun's Myst |       |       |    14 |    37 ||    51
         Gell's Gravitas   |       |       |     1 |       ||     1
         Borgnjor's Vile C |       |       |       |     1 ||     1
    Use: Scroll            |       |     6 |    10 |     5 ||    21
         Potion            |       |       |     1 |     3 ||     4
   Stab: Sleeping          |       |       |     1 |       ||     1
 Armour: Robe              |     1 |       |       |       ||     1
         Leather armour    |     5 |     6 |    49 |    26 ||    86
  Dodge: Dodged            |     4 |     8 |   103 |    58 ||   173
  Block: Other             |       |       |       |    23 ||    23
         Reflection        |       |       |       |     2 ||     2

Table legend: (Time is in decaauts)
 A = Elapsed time spent in this place.
 B = Non-inter-level travel time spent in this place.
 C = Inter-level travel time spent in this place.
 D = Time resting spent in this place.
 E = Time spent auto-exploring this place.
 F = Levels seen in this place.
 G = Mean time per level.
                   A        B        C        D        E       F      G
               +--------+--------+--------+--------+--------+-----+--------+
         Total |  11795 |  11119 |    676 |   2115 |   6282 |  13 |  907.3 |
       Dungeon |   9666 |   9035 |    631 |   1078 |   6118 |  10 |  966.6 |
        Temple |    181 |    136 |     45 |      0 |    118 |   1 |  181.0 |
       Ossuary |    731 |    731 |      0 |    281 |      0 |   1 |  731.0 |
        Bailey |   1214 |   1214 |      0 |    756 |     46 |   1 | 1214.0 |
               +--------+--------+--------+--------+--------+-----+--------+

Top non-repeatable levels by time:
     D:5: 1504 daAuts
     D:7: 1297 daAuts
  Bailey: 1214 daAuts
     D:3: 1162 daAuts
     D:9: 1131 daAuts
     D:6: 1082 daAuts
     D:2: 1040 daAuts
     D:4: 963 daAuts
     D:8: 790 daAuts
 Ossuary: 731 daAuts
     D:1: 661 daAuts
  Temple: 181 daAuts
    D:10: 33 daAuts
